 Dungeon Crawl Stone Soup version 0.30.0-15-g856e2d3f33 (webtiles) character file.

Game seed: 2618997467570552602

8519 qw the Protected (level 11, -2/68 HPs)
             Began as a Gargoyle Cinder Acolyte on May 18, 2023.
             Was an Initiate of Okawaru.
             Engulfed by an ice statue's freezing vapour (23 damage)
             ... on level 9 of the Dungeon.
             The game lasted 00:04:23 (8482 turns).

qw the Protected (Gargoyle Cinder Acolyte)          Turns: 8482, Time: 00:04:24

Health: -2/68      AC: 32    Str: 23    XL:     11   Next: 32%
Magic:  12/12      EV:  8    Int: 14    God:    Okawaru [......]
Gold:   458        SH:  0    Dex: 11    Spells: 12/12 levels left

rFire   . . .        Y - +2 war axe (drain)
rCold   . . .        (no shield)
rNeg    + . .        k - +2 plate armour
rPois   inf          (no helmet)
rElec   +            i - +2 cloak
rCorr   .            (no gloves)
SInv    .            r - +2 pair of boots
Will    .....        (no amulet) Stlth
                     a - +6 ring of dexterity
HPRegen 0.31/turn    (no ring)
MPRegen 0.13/turn

%: no passive effects
@: fire susceptible
A: sickness immunity, AC +8, negative energy resistance 1, electricity
resistance, torment resistance 1, petrification resistance
a: Renounce Religion


You were on level 9 of the Dungeon.
You worshipped Okawaru.
Okawaru was noncommittal.
You visited 2 branches of the dungeon, and saw 10 of its levels.
You also visited: Ossuary.

You collected 672 gold pieces.
You spent 214 gold pieces at shops.


Innate Abilities, Weirdness & Mutations

You are immune to sickness and miasma.
Your stone body is resilient. (AC +8)
You are immune to poison.
You resist negative energy. (rN+)
You are resistant to electric shocks. (rElec)
You are resistant to unholy torment.
You are immune to petrification.


   Skills:
 - Level 8.0 Fighting
 + Level 10.9 Axes
 - Level 2.3 Throwing
 - Level 12.6 Armour
 - Level 2.1 Dodging
 - Level 1.0 Spellcasting
 - Level 3.0 Fire Magic


You had 12 spell levels left.
You didn't know any spells.
Your spell library contained the following spells:

 Spells                   Type           Power      Damage    Failure   Level
 Scorch                   Fire           18%        2d5       75%         2

Inventory:

Hand Weapons
 q - a -1 hand axe of flaming
 Y - a +2 war axe of draining (weapon)
Armour
 i - a +2 cloak (worn)
 k - a +2 plate armour (worn)
 r - a +2 pair of boots (worn)
Jewellery
 a - a +6 ring of dexterity (left hand)
 y - a ring of fire
Scrolls
 h - 8 scrolls of teleportation
 m - 2 scrolls of identify
Potions
 b - 2 potions of mutation
 c - 3 potions of haste
 d - 6 potions of curing
 e - a potion of invisibility {unknown}
 g - a potion of cancellation
 j - 5 potions of might
 p - 5 potions of heal wounds
 s - 2 potions of resistance

Dungeon Overview and Level Annotations

Branches:
Dungeon (9/15)             Temple (1/1) D:5         Ossuary (visited)
   Lair: D:8-11         Orc: D:9-12

Altars:
Ashenzari
Cheibriados
Dithmenos
Elyvilon
Fedhas
Gozag
Hepliaklqana
Kikubaaqudgha
Makhleb
Nemelex Xobeh
Okawaru
Qazlal
Ru
Sif Muna
Trog
Uskayaw
Vehumet
Wu Jian
Xom
Yredelemnul
Zin
The Shining One

Shops:
D:7 ?   D:8 :


Message History

The ice beast is heavily wounded.
You hit the ice beast but do no damage. You drain the ice beast.
The ice beast is severely wounded.
The ice beast barely misses you.
You slash the ice beast! You drain the ice beast.
You kill the ice beast!
The ice beast disappears in a puff of smoke!
The ice statue gestures at you.
The shard of ice hits you but does no damage.
The ice statue gestures at you. The freezing blast engulfs you!
8467 ||| Stepping ~*~*~tactically~*~*~ (cloud).
The ice statue gestures.
You slash the ice beast!
The ice beast is moderately wounded.
You slash the ice beast! You drain the ice beast.
You kill the ice beast!
The ice beast disappears in a puff of smoke!
The ice statue gestures at you. The freezing blast engulfs you!
8475 ||| Stepping ~*~*~tactically~*~*~ (cloud).
The ice statue gestures at you. The freezing blast engulfs you.
The ice statue gestures at you. The bolt of cold hits you!!
The ice statue gestures.
The ice statue gestures at you.
The freezing blast engulfs you but does no damage.
Enter note:
Enter note:
Enter note:
Enter note:
Enter note:
Enter note:
Enter note:
Enter note:
Enter note:
Enter note: You are engulfed in freezing vapours.
You die...

.........# ... .........#
...... .........# .........
........# ........# #####..<#
........############# #....
........}.....~~~.... #....
..............~Y~.^.. #....
...........0@008~.... #....
............0000~.... #....
........}..0000~~.... #....
........############# #....
........#################....
.............................
##...........................
####........................
####.....................


You could see an ice statue and an ice beast (summoned).

Vanquished Creatures
  A two-headed ogre (D:8)
  Joseph (D:7)
  An unseen horror (D:7)
  A komodo dragon (D:7)
  A hornet (D:5)
  Prince Ribbit (D:6)
  A water moccasin (D:6)
  Edmund (D:6)
  Menkaure (D:6)
  Duvessa (D:7)
  An ice beast (D:5)
  An orc warrior (D:7)
  A black bear (D:5)
  3 centaurs
  A sky beast (D:6)
  A kobold brigand (D:8)
  4 bullfrogs
  4 wights (D:8)
  Dowan (D:7)
  13 killer bees
  2 howler monkeys
  3 hounds
  3 jellies
  4 gnoll boudas
  3 orc priests
  3 iguanas
  5 orc wizards
  13 mummies (Ossuary)
  20 gnolls
  4 adders
  A shadow imp (D:6)
  4 white imps
  An ufetubus (D:5)
  2 worms
  5 dart slugs
  20 orcs
  7 ball pythons
  6 endoplasms
  2 giant cockroaches (D:1)
  6 goblins
  5 hobgoblins
  10 kobolds
  2 quokkas
  A bat (D:3)
  4 frilled lizards
  2 gnoll skeletons (Ossuary)
  A goblin skeleton (Ossuary)
  3 kobold skeletons (Ossuary)
  2 orc skeletons (Ossuary)
  4 rats
  11 rat skeletons (Ossuary)
  2 rat zombies (D:6)
  A spectral orc (D:7)
202 creatures vanquished.

Notes
Turn   | Place    | Note
-------+----------+-------------------------------------------
     0 | D:1      | qw the Gargoyle Cinder Acolyte began the quest for the Orb.
     0 | D:1      | Reached XP level 1. HP: 14/14 MP: 2/2
     0 | D:1      | 0 ||| qw: Version: 0.2-a-95-gc95f03d
     0 | D:1      | 0 ||| qw: Game counter: 56
     0 | D:1      | 0 ||| qw: Always use a shield: true
     0 | D:1      | 0 ||| qw: God list: Okawaru
     0 | D:1      | 0 ||| qw: Allow faded altars: false
     0 | D:1      | 0 ||| qw: Do Orc after D:15 true
     0 | D:1      | 0 ||| qw: Do second Lair branch before Depths: true
     0 | D:1      | 0 ||| qw: Lair rune preference: random
     0 | D:1      | 0 ||| qw: Plans: Normal
     0 | D:1      | 0 ||| PLANNING D:1-11
    44 | D:1      | 44 ||| Stepping ~*~*~tactically~*~*~ (hiding).
    45 | D:1      | 45 ||| Stepping ~*~*~tactically~*~*~ (hiding).
    46 | D:1      | 46 ||| Stepping ~*~*~tactically~*~*~ (hiding).
    52 | D:1      | Reached skill level 3 in Axes
   182 | D:1      | Reached XP level 2. HP: 19/19 MP: 3/3
   373 | D:1      | 373 ||| INVOKING Fiery Armour.
   375 | D:1      | Reached XP level 3. HP: 10/23 MP: 4/4
   693 | D:1      | 693 ||| UPGRADING to +0 ring mail.
   703 | D:1      | 703 ||| DROPPING +0 robe.
   704 | D:1      | 704 ||| DROPPING ring of flight.
   705 | D:1      | 705 ||| READING scroll labelled WAQIOH MUNN.
   706 | D:1      | 706 ||| READING scroll labelled DOCESUQ EPLE.
   707 | D:1      | 707 ||| READING 2 scrolls labelled GYT PUIDUIDYERCH.
   708 | D:1      | 708 ||| DRINKING 3 silvery potions.
   709 | D:1      | 709 ||| DRINKING 2 metallic sapphire potions.
   802 | D:2      | 802 ||| Stepping ~*~*~tactically~*~*~ (stealth).
   803 | D:2      | 803 ||| Stepping ~*~*~tactically~*~*~ (stealth).
   814 | D:2      | 814 ||| Stepping ~*~*~tactically~*~*~ (stealth).
   821 | D:2      | Reached skill level 1 in Armour
  1165 | D:2      | Reached XP level 4. HP: 28/28 MP: 5/5
  1173 | D:2      | 1173 ||| Stepping ~*~*~tactically~*~*~ (hiding).
  1174 | D:2      | 1174 ||| Stepping ~*~*~tactically~*~*~ (hiding).
  1175 | D:2      | 1175 ||| Stepping ~*~*~tactically~*~*~ (hiding).
  1337 | D:2      | 1337 ||| Stepping ~*~*~tactically~*~*~ (hiding).
  1349 | D:2      | Reached skill level 1 in Throwing
  1592 | D:2      | 1592 ||| Stepping ~*~*~tactically~*~*~ (hiding).
  1595 | D:2      | 1595 ||| Stepping ~*~*~tactically~*~*~ (hiding).
  1656 | D:2      | 1656 ||| READING scroll labelled MEWNIO KOAZUIG.
  1657 | D:2      | 1657 ||| READING scroll labelled IPUAME RUTAXOU.
  1658 | D:2      | 1658 ||| READING scroll labelled PONGEM XUD ZUUR.
  1659 | D:2      | 1659 ||| READING scroll labelled XUM QAWAOLOETUUPN.
  1660 | D:2      | 1660 ||| DRINKING 2 clear potions.
  1661 | D:2      | 1661 ||| DRINKING 2 fizzy sapphire potions.
  1662 | D:2      | 1662 ||| READING 2 scrolls of identify.
  1662 | D:2      | 1662 ||| IDENTIFYING sedimented white potion
  1663 | D:2      | 1663 ||| DROPPING potion of flight.
  1757 | D:3      | 1757 ||| Stepping ~*~*~tactically~*~*~ (stealth).
  1758 | D:3      | 1758 ||| Stepping ~*~*~tactically~*~*~ (stealth).
  2029 | D:3      | 2029 ||| INVOKING Fiery Armour.
  2032 | D:3      | HP: 5/28 [orc wizard/+0 club (4)]
  2033 | D:3      | 2033 ||| DRINKING 3 potions of heal wounds.
  2108 | D:3      | 2108 ||| UPGRADING to +0 chain mail.
  2118 | D:3      | 2118 ||| DROPPING +0 ring mail.
  2119 | D:3      | 2119 ||| DROPPING ring of wizardry.
  2120 | D:3      | 2120 ||| READING scroll labelled LOREOCSESTU.
  2125 | D:3      | 2125 ||| READING 2 scrolls of identify.
  2125 | D:3      | 2125 ||| IDENTIFYING bubbling puce potion
  2234 | D:4      | Reached XP level 5. HP: 32/32 MP: 6/6
  2260 | D:4      | Reached skill level 2 in Armour
  2292 | D:4      | 2292 ||| INVOKING Fiery Armour.
  2300 | D:4      | HP: 7/32 [gnoll bouda/+0 club (7)]
  2304 | D:4      | 2304 ||| DRINKING 2 potions of heal wounds.
  2307 | D:4      | Reached XP level 6. HP: 37/37 MP: 7/7
  2320 | D:4      | 2320 ||| Stepping ~*~*~tactically~*~*~ (stealth).
  2321 | D:4      | 2321 ||| Stepping ~*~*~tactically~*~*~ (stealth).
  2322 | D:4      | 2322 ||| Stepping ~*~*~tactically~*~*~ (stealth).
  2471 | D:4      | Found a sacrificial altar of Ru.
  3010 | D:4      | 3010 ||| SWAPPING to +0 war axe.
  3011 | D:4      | 3011 ||| DRINKING 2 cyan potions.
  3012 | D:4      | 3012 ||| DRINKING 5 potions of curing.
  3012 | D:4      | 3012 ||| (to cure confusion)
  3013 | D:4      | 3013 ||| READING 2 scrolls of identify.
  3013 | D:4      | 3013 ||| IDENTIFYING white potion
  3014 | D:4      | 3014 ||| DROPPING potion of ambrosia.
  3034 | D:5      | Entered Level 5 of the Dungeon
  3042 | D:5      | Noticed a hornet
  3048 | D:5      | 3048 ||| INVOKING Fiery Armour.
  3052 | D:5      | HP: 8/38 [hornet (5)]
  3053 | D:5      | 3053 ||| DRINKING potion of heal wounds.
  3056 | D:5      | Killed a hornet
  3057 | D:5      | Reached skill level 6 in Fighting
  3057 | D:5      | Reached XP level 7. HP: 23/46 MP: 8/8
  3336 | D:5      | 3336 ||| Stepping ~*~*~tactically~*~*~ (stealth).
  3343 | D:5      | Found a staircase to the Ecumenical Temple.
  3407 | D:5      | 3407 ||| Stepping ~*~*~tactically~*~*~ (hiding).
  3408 | D:5      | 3408 ||| Stepping ~*~*~tactically~*~*~ (hiding).
  3429 | D:5      | Reached skill level 6 in Axes
  3521 | D:5      | 3521 ||| INVOKING Fiery Armour.
  3526 | D:5      | Reached XP level 8. HP: 18/51 MP: 9/9
  3688 | D:5      | 3688 ||| Stepping ~*~*~tactically~*~*~ (hiding).
  3690 | D:5      | 3690 ||| Stepping ~*~*~tactically~*~*~ (hiding).
  3932 | D:5      | 3932 ||| UPGRADING to +0 cloak.
  3937 | D:5      | 3937 ||| UPGRADING to +0 pair of boots.
  3942 | D:5      | 3942 ||| READING 4 scrolls of enchant armour.
  3942 | D:5      | 3942 ||| ENCHANTING +0 pair of boots.
  3943 | D:5      | 3943 ||| READING 3 scrolls of enchant armour.
  3943 | D:5      | 3943 ||| ENCHANTING +1 pair of boots.
  3944 | D:5      | 3944 ||| READING 2 scrolls of enchant armour.
  3944 | D:5      | 3944 ||| ENCHANTING +0 cloak.
  3945 | D:5      | 3945 ||| READING scroll of enchant armour.
  3945 | D:5      | 3945 ||| ENCHANTING +1 cloak.
  3946 | D:5      | 3946 ||| UPGRADING to +6 ring of dexterity.
  3947 | D:5      | 3947 ||| READING scroll labelled GIYXKOMU WATH.
  3948 | D:5      | 3948 ||| READING 2 scrolls of identify.
  3948 | D:5      | 3948 ||| IDENTIFYING bubbling dark potion
  3949 | D:5      | 3949 ||| DROPPING potion of magic.
  3978 | D:6      | 3978 ||| PLANNING OSSUARY
  3978 | D:6      | Noticed Menkaure
  3987 | D:6      | Killed Menkaure
  3988 | D:6      | Reached skill level 1 in Dodging
  4025 | D:6      | Noticed Prince Ribbit
  4046 | D:6      | Killed Prince Ribbit
  4047 | D:6      | Reached skill level 4 in Armour
  4143 | D:6      | Noticed Edmund
  4153 | D:6      | 4153 ||| INVOKING Fiery Armour.
  4157 | D:6      | Killed Edmund
  4291 | D:6      | Found a sand-covered staircase.
  4292 | D:6      | 4292 ||| DROPPING +1 ring mail of positive energy.
  4304 | Ossuary  | Entered an ossuary
  4428 | Ossuary  | 4428 ||| INVOKING Fiery Armour.
  4773 | Ossuary  | 4773 ||| READING scroll labelled SIQOEC TAMPYT.
  4774 | Ossuary  | 4774 ||| DRINKING 2 purple potions.
  4812 | D:6      | 4812 ||| PLANNING D:1-11
  5068 | D:6      | Reached XP level 9. HP: 55/55 MP: 10/10
  5086 | D:6      | 5086 ||| Stepping ~*~*~tactically~*~*~ (hiding).
  5209 | D:6      | 5209 ||| SWAPPING to +1 war axe of draining.
  5210 | D:6      | 5210 ||| DROPPING +1 war axe.
  5483 | D:7      | 5483 ||| INVOKING Fiery Armour.
  5486 | D:7      | 5486 ||| STAIRDANCE
  5554 | D:7      | Found a basalt altar of Yredelemnul.
  5588 | D:7      | Noticed Joseph
  5589 | D:7      | 5589 ||| Stepping ~*~*~tactically~*~*~ (hiding).
  5590 | D:7      | 5590 ||| Stepping ~*~*~tactically~*~*~ (hiding).
  5623 | D:7      | Killed Joseph
  5624 | D:7      | Reached skill level 9 in Axes
  5792 | D:7      | 5792 ||| Stepping randomly (disturbance).
  5810 | D:7      | Killed an unseen horror
  5942 | D:7      | Noticed Duvessa
  5942 | D:7      | Noticed Dowan
  5943 | D:7      | 5943 ||| INVOKING Fiery Armour.
  5947 | D:7      | Killed Dowan
  5955 | D:7      | Killed Duvessa
  5956 | D:7      | Reached skill level 5 in Armour
  6200 | D:7      | Noticed a komodo dragon
  6205 | D:7      | Killed a komodo dragon
  6301 | D:7      | Found Eduurryu's Magic Scroll Emporium.
  6310 | D:7      | 6310 ||| BUYING scroll of enchant armour (82 gold).
  6310 | D:7      | Bought a scroll of enchant armour for 82 gold pieces
  6310 | D:7      | 6310 ||| BUYING scroll of identify (22 gold).
  6310 | D:7      | Bought a scroll of identify for 22 gold pieces
  6310 | D:7      | 6310 ||| BUYING scroll of identify (22 gold).
  6310 | D:7      | Bought a scroll of identify for 22 gold pieces
  6310 | D:7      | 6310 ||| BUYING scroll of identify (22 gold).
  6310 | D:7      | Bought a scroll of identify for 22 gold pieces
  6310 | D:7      | 6310 ||| BUYING scroll of teleportation (33 gold).
  6310 | D:7      | Bought a scroll of teleportation for 33 gold pieces
  6310 | D:7      | 6310 ||| BUYING scroll of teleportation (33 gold).
  6310 | D:7      | Bought a scroll of teleportation for 33 gold pieces
  6405 | D:7      | 6405 ||| Stepping ~*~*~tactically~*~*~ (hiding).
  6407 | D:7      | 6407 ||| Stepping ~*~*~tactically~*~*~ (hiding).
  6408 | D:7      | 6408 ||| Stepping ~*~*~tactically~*~*~ (hiding).
  6410 | D:7      | 6410 ||| INVOKING Fiery Armour.
  6643 | D:7      | Reached XP level 10. HP: 53/63 MP: 11/11
  6838 | D:7      | 6838 ||| UPGRADING to +0 plate armour.
  6848 | D:7      | 6848 ||| DROPPING +0 chain mail.
  6849 | D:7      | 6849 ||| READING 2 scrolls of enchant armour.
  6849 | D:7      | 6849 ||| ENCHANTING +0 plate armour.
  6850 | D:7      | 6850 ||| READING scroll of enchant armour.
  6850 | D:7      | 6850 ||| ENCHANTING +1 plate armour.
  6851 | D:7      | 6851 ||| READING scroll labelled GESEF UCAMI.
  6852 | D:7      | 6852 ||| READING 7 scrolls of identify.
  6852 | D:7      | 6852 ||| IDENTIFYING pink potion
  6853 | D:7      | 6853 ||| DRINKING potion of experience.
  6853 | D:7      | Reached skill level 12 in Armour
  6853 | D:7      | Reached XP level 11. HP: 68/68 MP: 12/12
  6854 | D:7      | 6854 ||| READING 6 scrolls of identify.
  6854 | D:7      | 6854 ||| IDENTIFYING coppery potion
  6855 | D:7      | 6855 ||| READING 5 scrolls of identify.
  6855 | D:7      | 6855 ||| IDENTIFYING metallic emerald potion
  6856 | D:7      | 6856 ||| READING 4 scrolls of identify.
  6856 | D:7      | 6856 ||| IDENTIFYING fuming dark potion
  6857 | D:7      | 6857 ||| READING 3 scrolls of identify.
  6857 | D:7      | 6857 ||| IDENTIFYING bubbling ruby potion
  6858 | D:7      | 6858 ||| DROPPING potion of attraction.
  6859 | D:7      | 6859 ||| DROPPING potion of brilliance.
  6860 | D:7      | 6860 ||| DROPPING potion of lignification.
  6861 | D:7      | 6861 ||| DROPPING potion of degeneration.
  7022 | D:8      | 7022 ||| INVOKING Fiery Armour.
  7060 | D:8      | 7060 ||| Stepping ~*~*~tactically~*~*~ (stealth).
  7071 | D:8      | 7071 ||| Stepping ~*~*~tactically~*~*~ (stealth).
  7199 | D:8      | 7199 ||| Stepping ~*~*~tactically~*~*~ (stealth).
  7284 | D:8      | Noticed a two-headed ogre
  7297 | D:8      | Killed a two-headed ogre
  7388 | D:8      | 7388 ||| Stepping ~*~*~tactically~*~*~ (hiding).
  7527 | D:8      | Found Mal Upo's Book Shoppe.
  7661 | D:9      | 7661 ||| INVOKING Fiery Armour.
  7665 | D:9      | 7665 ||| STAIRDANCE
  7667 | D:8      | 7667 ||| PLANNING TEMPLE
  7770 | Temple   | Entered the Ecumenical Temple
  7930 | Temple   | 7930 ||| PLANNING OKAWARU WORSHIP
  7943 | Temple   | Fell from the grace of Ignis
  7943 | Temple   | Became a worshipper of Warmaster Okawaru
  7943 | Temple   | 7943 ||| PLANNING D:1-11
  8026 | D:9      | 8026 ||| STAIRDANCE
  8178 | D:9      | 8178 ||| READING scroll of enchant weapon.
  8178 | D:9      | 8178 ||| ENCHANTING +1 war axe of draining.
  8210 | D:9      | 8210 ||| Stepping ~*~*~tactically~*~*~ (stealth).
  8211 | D:9      | 8211 ||| Stepping ~*~*~tactically~*~*~ (stealth).
  8467 | D:9      | 8467 ||| Stepping ~*~*~tactically~*~*~ (cloud).
  8475 | D:9      | 8475 ||| Stepping ~*~*~tactically~*~*~ (cloud).
  8482 | D:9      | Engulfed by an ice statue's freezing vapour

Levels and vault maps discovered:
D:1:      ncdulo_wetmaze, layout_rooms, st_stairs_3
D:2:      layout_loops_corners, minmay_tall_x
D:3:      layout_rooms
D:4:      layout_loops_ring, nicolae_ru_path_of_blood
D:5:      layout_basic, minmay_temple_entry_overgrown
D:6:      layout_gridville, enter_ossuary_4, minmay_misc_feat_room,
          item_on_display_a, uniq_edmund, uniq_prince_ribbit1, uniq_menkaure
D:7:      layout_gridville, yredelemnul_forgotten_temple_becter, serial_shops,
          shop_scrolls, uniq_joseph, uniq_duvessa
D:8:      layout_loops_ring, serial_shops, shop
D:9:      lemuel_ice_statue, layout_layer_cave, serial_shops, shop,
          due_unseen_surprise
Temple:   nicolae_temple_slightly_damp_pantheon

Skill      XL: |  1  2  3  4  5  6  7  8  9 10 11 |
---------------+----------------------------------+-----
Axes           | 3 4 5 6 8 10 | 10.9
Armour         | 1 2 4 5 12 | 12.6
Throwing       | 1 2 |  2.3
Fighting       | 6 7 8 |  8.0
Dodging        | 1 2 |  2.1
Spellcasting   | |  1.0
Fire Magic     | |  3.0

Action                     |  1- 3 |  4- 6 |  7- 9 | 10-12 || total
---------------------------+-------+-------+-------+-------++-------
  Melee: Hand axe          |    64 |   129 |       |       ||   193
         Punch             |     1 |     3 |     4 |     2 ||    10
         War axe           |       |    11 |   279 |   173 ||   463
  Throw: Javelin           |     4 |    36 |    27 |     2 ||    69
         Boomerang         |       |       |     1 |     6 ||     7
 Invoke: Fiery Armour      |     1 |     3 |     6 |     2 ||    12
    Use: Scroll            |     3 |     8 |     7 |     9 ||    27
         Potion            |     2 |     7 |     1 |     1 ||    11
 Armour: Robe              |    13 |       |       |       ||    13
         Ring mail         |     5 |    34 |       |       ||    39
         Chain mail        |       |    63 |   167 |     5 ||   235
         Plate armour      |       |       |       |   217 ||   217
  Dodge: Dodged            |    31 |    65 |   106 |   124 ||   326

Table legend:
 A = Non-vault XP
 B = Vault XP
 C = Vault XP percentage of total XP
 D = Non-vault monster count
 E = Vault monster count
 F = Vault count percentage of total count
                 A         B        C        D         E       F
            +---------+---------+-------+---------+---------+-------
      Total |    5931 |    1541 |  20.6 |     155 |      47 |  23.3
            +---------+---------+-------+---------+---------+-------
        D:1 |      47 |       3 |   6.0 |      18 |       2 |  10.0
        D:2 |      31 |      20 |  39.2 |       9 |       4 |  30.8
        D:3 |      54 |       0 |   0.0 |       9 |       0 |   0.0
        D:4 |     225 |       0 |   0.0 |      20 |       0 |   0.0
        D:5 |     868 |       0 |   0.0 |      13 |       0 |   0.0
        D:6 |     501 |     575 |  53.4 |      10 |       5 |  33.3
        D:7 |    1502 |     689 |  31.4 |      22 |       4 |  15.4
        D:8 |    1829 |       0 |   0.0 |      33 |       0 |   0.0
        D:9 |     874 |       0 |   0.0 |      21 |       0 |   0.0
    Ossuary |       0 |     254 | 100.0 |       0 |      32 | 100.0
            +---------+---------+-------+---------+---------+-------
